 Dungeon Crawl Stone Soup version 0.17-a0-1646-geb1493d (webtiles) character file.

22 Nakatomy the Digger (level 2, 15/15 HPs)
             Began as a Gargoyle Earth Elementalist on Aug 11, 2015.
             Quit the game on level 2 of the Dungeon.
             The game lasted 00:07:12 (1502 turns).

Nakatomy the Digger (Gargoyle Earth Elementalist)   Turns: 1502, Time: 00:07:13

Health: 15/15      AC:  5    Str: 11    XL:     2   Next: 91%
Magic:  5/5        EV: 12    Int: 12    God:
Gold:   63         SH:  0    Dex: 10    Spells: 1 memorised, 4 levels left

rFire  . . .     SeeInvis .     b - +0 dagger
rCold  . . .     Clarity  .     i - +0 robe
rNeg   + . .     SustAt   .     (no shield)
rPois  ∞         Gourm    .     (no helmet)
rElec  +         Spirit   .     (no cloak)
rCorr  .         Warding  .     (no gloves)
rMut   .         Stasis   .     n - +0 pair of boots
MR     .....                    (no amulet)
Stlth  ++........               (no ring)
                                j - -3 ring of intelligence (curse)

@: not resistant to hostile enchantments, unstealthy
A: negative energy resistance 1, electricity resistance, unbreathing,
petrification resistance, rot immunity, AC +2
a: no special abilities


You were on level 2 of the Dungeon.
You were not hungry.

You visited 1 branch of the dungeon, and saw 2 of its levels.

You collected 63 gold pieces.

Inventory:

Hand weapons
 b - a +0 dagger (weapon)
Missiles
 a - 48 stones (quivered)
Armour
 i - a +0 robe (worn)
 m - a +0 robe
 n - a +0 pair of boots (worn)
Jewellery
 j - a cursed -3 ring of intelligence (left hand)
Scrolls
 e - 3 scrolls of identify
 f - a scroll of remove curse {unknown}
 h - a scroll of enchant weapon {unknown}
Potions
 g - 2 potions of brilliance
 l - a potion of haste {unknown}
Books
 c - a book of Geomancy

   Spells                             Type                      Level
   a - Sandblast                      Earth                        1
   b - Stoneskin                      Transmutation/Earth          2
   c - Passwall                       Transmutation/Earth          3
   d - Stone Arrow                    Conjuration/Earth            3
   e - Petrify                        Transmutation/Earth          4
   f - Lee's Rapid Deconstruction     Earth                        5
Comestibles
 d - 2 bread rations
 k - a beef jerky


   Skills:
 - Level 1.7 Dodging
 - Level 2.2 Stealth
 - Level 2.0 Spellcasting
   Level 0.7 Transmutations
 + Level 4.7 Earth Magic


You had 4 spell levels left.
You knew the following spells:

 Your Spells              Type           Power        Failure   Level  Hunger
a - Sandblast             Erth           ##....       4%          1    ##.....


Dungeon Overview and Level Annotations

Branches:
Dungeon (2/15)

Altars:


Innate Abilities, Weirdness & Mutations

You are resistant to torment.
Your stone body is resilient (AC +2).
You are immune to poison.
You resist negative energy.
You are resistant to electric shocks.
You can survive without breathing.
You are immune to petrification.
You are immune to rotting.


Message History

Found a stone staircase leading down.
Casting: Sandblast
Confirm with . or Enter, or press ? or * to list all spells.
Aiming: Sandblast
Press: ? - help, Shift-Dir - straight line, f - rat
Aim: a rat The blast of sand hits the rat.
You kill the rat!
You see here a rat corpse.
You butcher the rat corpse.
o - a chunk of flesh You see here a rat skeleton.
Eat a chunk of flesh? (ye/n/q/i?) This raw flesh tastes terrible.
You continue eating. x2
A bat and a kobold come into view.
Unknown command.
Unknown command.
Unknown command.
Are you sure you want to abandon this character and quit the game? (Confirm with "yes".) ...... #..#.
Kb#

#.... .. #... ..
#..# . #### #..# .#
#<.. #..##.####.
#### #÷...>.....
..... +..@.......
.#### #.###.#####
#.# .. #.# ## #.#
#.# ######### #.#
#.......# .
#.####.......#
#.#..........#######


You could see a bat (sleeping) and a kobold (sleeping).

Vanquished Creatures
  3 bats
  2 goblins (D:1)
  4 hobgoblins
  2 giant geckos (D:1)
  A giant newt (D:1)
  5 kobolds
  8 rats
25 creatures vanquished.

Notes
Turn   | Place    | Note
--------------------------------------------------------------
     0 | D:1      | Nakatomy the Gargoyle Earth Elementalist began the quest for the Orb.
     0 | D:1      | Reached XP level 1. HP: 10/10 MP: 3/3
   337 | D:1      | Reached skill level 4 in Earth Magic
   355 | D:1      | Reached XP level 2. HP: 9/15 MP: 0/5
  1502 | D:2      | Quit the game

Vault maps used:
D:1:      minmay_arrival_jagged
D:2:      first_bread, uniq_natasha

Action                   || total
-------------------------++-------
 Cast: Sandblast         ||    44
  Use: Scroll            ||     1
  Eat: Chunk             ||     3
